[Event "DFMMLV 2024"]
[Site "Braunfels"]
[Date "2024.05.30"]
[Round "1.32"]
[White "Leib, Britta"]
[Black "Albayrak, Aylin"]
[Result "1-0"]
[ECO "B47"]
[WhiteElo "1920"]
[BlackElo "1752"]
[Annotator "NA RC"]
[PlyCount "77"]
[EventDate "2024.05.30"]
[EventType "team-tourn"]
[EventCountry "GER"]
[SourceTitle "playchess.com"]
[Source "ChessBase"]
[SourceQuality "1"]
[TimeControl "40/5400+30:1800+30"]

1. e4 c5 2. Nf3 Nc6 3. d4 cxd4 4. Nxd4 Nf6 5. Nc3 Qc7 6. Be2 e6 7. O-O d5 8. exd5 Nxd5 9. Nxd5 exd5 10. Nb5 Qe5 11. Qxd5 Qb8 12. Qe4+ Be6 13. Bf4 Qc8 14. Nc7+ Ke7 15. Nxa8 Qxa8 16. Bc4 Qc8 17. Rfe1 Nd8 18. Rad1 g6 19. Qd4 f6 20. Bxe6 Nxe6 21. Qxa7 Kf7 22. Bd6 Bh6 23. Qb6 Rd8 24. g3 f5 25. Rxe6 Kxe6 26. Bc7+ Kf7 27. Rxd8 Qe6 28. Qb3 Qxb3 29. axb3 Bc1 30. Be5 Ke6 31. f4 g5 32. Rh8 Kd5 33. Rxh7 b5 34. Kf2 Ke4 35. Re7 Be3+ 36. Ke2 Bc1 37. fxg5 Kd5 38. g6 Bg5 39. Re8 1-0

[Event "DFMMLV 2024"]
[Site "Braunfels"]
[Date "2024.05.30"]
[Round "1.34"]
[White "Skibbe, Diana"]
[Black "Peglau, Dora"]
[Result "1/2-1/2"]
[ECO "B41"]
[WhiteElo "1942"]
[BlackElo "2002"]
[Annotator "NA RC"]
[PlyCount "148"]
[EventDate "2024.05.30"]
[EventType "team-tourn"]
[EventCountry "GER"]
[SourceTitle "playchess.com"]
[Source "ChessBase"]
[SourceQuality "1"]
[TimeControl "40/5400+30:1800+30"]

1. e4 c5 2. Nf3 e6 3. d4 cxd4 4. Nxd4 a6 5. Be2 Nf6 6. Nc3 Bb4 7. e5 Ne4 8. Qd3 Qa5 9. O-O Nxc3 10. bxc3 Bxc3 11. Nb3 Qc7 12. Ba3 Bxe5 13. f4 Bxa1 14. Rxa1 d5 15. Qd4 Rg8 16. Bd3 Nc6 17. Qc3 Qxf4 18. Rf1 Qe5 19. Qc5 h5 20. Qf2 Qc7 21. Bd6 Qxd6 22. Qxf7+ Kd8 23. Qxg8+ Kc7 24. Rf7+ Kb6 25. Qxg7 Ne5 26. Rf8 Ka7 27. Qh8 Qb6+ 28. Kh1 Ng4 29. h3 Nf2+ 30. Kh2 Qc7+ 31. Kg1 Nxd3 32. cxd3 Qc2 33. Qd4+ b6 34. Rf2 Qc7 35. Qh4 Qh7 36. d4 Bb7 37. Qf6 Qe4 38. Kh2 Rc8 39. Nd2 Qe1 40. Nb3 a5 41. Rf1 Qe4 42. Rf4 Qb1 43. Qxe6 Qxa2 44. Rf7 Rb8 45. Nc1 Qc4 46. Ne2 a4 47. Qe5 a3 48. Rc7 Qa4 49. Nc3 Qb3 50. Qe2 Rc8 51. Nb5+ Ka8 52. Rxc8+ Bxc8 53. Qe8 Qc2 54. Qe7 Qa4 55. Qe8 Qc2 56. Nxa3 Qc7+ 57. Qe5 Qxe5+ 58. dxe5 Kb7 59. Kg3 Bd7 60. Kf4 b5 61. Nc2 Kc6 62. Nd4+ Kc5 63. e6 Be8 64. Ke5 b4 65. g4 hxg4 66. hxg4 Kc4 67. g5 b3 68. Nxb3 Kxb3 69. Kxd5 Kc3 70. Ke5 Kc4 71. Kd6 Kd4 72. Ke7 Bh5 73. Kf6 Kd5 74. g6 Bxg6 1/2-1/2

[Event "DFMMLV 2024"]
[Site "Braunfels"]
[Date "2024.05.30"]
[Round "1.35"]
[White "Steinbacher, Claudia"]
[Black "Dietrich, Mareike"]
[Result "1-0"]
[ECO "E11"]
[WhiteElo "2027"]
[BlackElo "1855"]
[Annotator "NA RC"]
[PlyCount "77"]
[EventDate "2024.05.30"]
[EventType "team-tourn"]
[EventCountry "GER"]
[SourceTitle "playchess.com"]
[Source "ChessBase"]
[SourceQuality "1"]
[TimeControl "40/5400+30:1800+30"]

1. d4 Nf6 2. c4 e6 3. Nf3 Bb4+ 4. Bd2 c5 5. e3 O-O 6. Bd3 Bxd2+ 7. Qxd2 cxd4 8. exd4 d5 9. c5 b6 10. b4 Qe7 11. Qb2 Bd7 12. O-O a5 13. a3 Na6 14. b5 Nc7 15. cxb6 Nce8 16. Ne5 Qd6 17. a4 Qxb6 18. Nd2 Nd6 19. Rac1 Rfc8 20. Nb3 Be8 21. Rxc8 Rxc8 22. Rc1 Rxc1+ 23. Qxc1 Nfe4 24. f3 Nf6 25. Qc3 Nb7 26. Nc6 Nh5 27. Ncxa5 Nf4 28. Nxb7 Nxd3 29. Qc8 Kf8 30. N7c5 Nxc5 31. Qxc5+ Qxc5 32. Nxc5 Ke7 33. Kf2 Kd6 34. Ke3 f6 35. b6 e5 36. a5 Kc6 37. Nd3 exd4+ 38. Kxd4 Kb5 39. b7 1-0

[Event "DFMMLV 2024"]
[Site "Braunfels"]
[Date "2024.05.30"]
[Round "1.36"]
[White "Ulrich, Helena Irene"]
[Black "Peglau, Mirjam"]
[Result "0-1"]
[ECO "C06"]
[WhiteElo "1819"]
[BlackElo "1948"]
[Annotator "NA RC"]
[PlyCount "112"]
[EventDate "2024.05.30"]
[EventType "team-tourn"]
[EventCountry "GER"]
[SourceTitle "playchess.com"]
[Source "ChessBase"]
[SourceQuality "1"]
[TimeControl "40/5400+30:1800+30"]

1. e4 e6 2. d4 d5 3. Nd2 Nf6 4. e5 Nfd7 5. Bd3 c5 6. c3 Nc6 7. Ne2 b6 8. O-O cxd4 9. cxd4 Nb4 10. Bb1 Ba6 11. Nf3 Qc7 12. a3 Nc6 13. Re1 Na5 14. Bd3 Bxd3 15. Qxd3 Qc4 16. Qxc4 Nxc4 17. Nc3 Be7 18. Rb1 O-O 19. Bg5 Bxg5 20. Nxg5 Rac8 21. Na2 a5 22. Re2 Rc6 23. f4 h6 24. Nf3 Rfc8 25. Kf2 b5 26. Ne1 Nf8 27. Nd3 Ng6 28. g3 Ne7 29. Ne1 Nf5 30. Nf3 h5 31. h3 Rb8 32. Nc1 b4 33. axb4 Rxb4 34. Nd3 Rb3 35. Rd1 Rcb6 36. g4 hxg4 37. hxg4 Nh6 38. Kg3 Nxb2 39. Nxb2 Rxb2 40. Rxb2 Rxb2 41. Ra1 Rb5 42. Ra3 Kh7 43. Ng5+ Kg6 44. Nf3 Ng8 45. Ra2 Ne7 46. Rh2 Rb3 47. Ra2 Nc6 48. Kf2 Rb4 49. Ke3 a4 50. Ra3 Rc4 51. Nh4+ Kh7 52. Nf3 Nb4 53. Kd2 Nc2 54. Rc3 Nxd4 55. Nxd4 Rxd4+ 56. Ke3 Rb4 0-1

[Event "DFMMLV 2024"]
[Site "Braunfels"]
[Date "2024.05.30"]
[Round "1.37"]
[White "Just, Anita"]
[Black "Geletzke, Hannah"]
[Result "1-0"]
[ECO "B92"]
[WhiteElo "1884"]
[BlackElo "1753"]
[Annotator "NA RC"]
[PlyCount "79"]
[EventDate "2024.05.30"]
[EventType "team-tourn"]
[EventCountry "GER"]
[SourceTitle "playchess.com"]
[Source "ChessBase"]
[SourceQuality "1"]
[TimeControl "40/5400+30:1800+30"]

1. e4 c5 2. Nf3 d6 3. d4 cxd4 4. Nxd4 Nf6 5. Nc3 a6 6. Be2 e5 7. Nb3 Be6 8. O-O Be7 9. f4 Qc7 10. f5 Bc4 11. Be3 Nbd7 12. g4 h6 13. Nd2 Bxe2 14. Qxe2 b5 15. a3 Nc5 16. Qg2 Qb7 17. b4 Ncd7 18. a4 Rc8 19. axb5 axb5 20. Ra3 O-O 21. h4 h5 22. g5 Ng4 23. Nd5 Kh8 24. Nxe7 Rxc2 25. Qf3 Nb6 26. Nd5 Nxd5 27. exd5 Nxe3 28. Qxe3 Qxd5 29. Rd3 Qc6 30. Qf3 Qxf3 31. Rfxf3 Rd8 32. Rfe3 Rb2 33. Nb3 Rb1+ 34. Kg2 Rc8 35. Rxd6 Rc4 36. Nd2 Rb2 37. g6 fxg6 38. fxg6 Rg4+ 39. Rg3 Rd4 40. Rh3 1-0

[Event "DFMMLV 2024"]
[Site "Braunfels"]
[Date "2024.05.30"]
[Round "1.38"]
[White "Loos, Tilda"]
[Black "Kosovska, Olena"]
[Result "1/2-1/2"]
[ECO "B22"]
[WhiteElo "1667"]
[BlackElo "1935"]
[Annotator "NA RC"]
[PlyCount "85"]
[EventDate "2024.05.30"]
[EventType "team-tourn"]
[EventCountry "GER"]
[SourceTitle "playchess.com"]
[Source "ChessBase"]
[SourceQuality "1"]
[TimeControl "40/5400+30:1800+30"]

1. e4 c5 2. c3 d5 3. exd5 Qxd5 4. d4 e5 5. Na3 a6 6. Nf3 cxd4 7. Nc2 Nc6 8. cxd4 e4 9. Nd2 Nf6 10. Bc4 Qg5 11. Ne3 Bd6 12. d5 Ne5 13. O-O Qh4 14. g3 Qh3 15. Re1 O-O 16. Bf1 Qd7 17. Nec4 Nxc4 18. Nxc4 Bc5 19. Be3 Ba7 20. Bxa7 Rxa7 21. Qd4 b5 22. Ne5 Qb7 23. Bg2 Bf5 24. Nc6 Raa8 25. Qe5 Bg6 26. Ne7+ Kh8 27. Nxg6+ hxg6 28. Bxe4 Rae8 29. Qd4 Rd8 30. Rad1 Rd6 31. Bg2 Rfd8 32. Re5 b4 33. Qc5 Qb6 34. Qxb6 Rxb6 35. Re7 Kg8 36. Rd4 a5 37. Re5 Rbd6 38. Kf1 Nd7 39. Re7 Nb6 40. Rf4 f6 41. Re6 Kf7 42. Rxd6 Rxd6 43. Rd4 1/2-1/2

[Event "DFMMLV 2024"]
[Site "Braunfels"]
[Date "2024.05.30"]
[Round "1.39"]
[White "Lowke, Kathrin"]
[Black "Kohl, Natalie"]
[Result "1-0"]
[ECO "B92"]
[WhiteElo "1893"]
[BlackElo "1683"]
[Annotator "NA RC"]
[PlyCount "60"]
[EventDate "2024.05.30"]
[EventType "team-tourn"]
[EventCountry "GER"]
[SourceTitle "playchess.com"]
[Source "ChessBase"]
[SourceQuality "1"]
[TimeControl "40/5400+30:1800+30"]

1. e4 c5 2. Nf3 d6 3. d4 cxd4 4. Nxd4 Nf6 5. Nc3 a6 6. Be2 e5 7. Nb3 Be7 8. O-O O-O 9. a4 Be6 10. Be3 d5 11. exd5 Bxd5 12. Bf3 Bc6 13. Qe2 Qc7 14. g3 Nbd7 15. a5 e4 16. Bg2 Ne5 17. Bf4 Nf3+ 18. Bxf3 exf3 19. Bxc7 fxe2 20. Nxe2 Rac8 21. Bb6 Bb5 22. Rfe1 Rxc2 23. Ned4 Rxb2 24. Rxe7 Bc4 25. Nc5 Ng4 26. Ne4 Bd3 27. h3 f5 28. hxg4 fxe4 29. Ne6 Rf6 30. Bd4 e3 1-0

[Event "DFMMLV 2024"]
[Site "Braunfels"]
[Date "2024.05.30"]
[Round "1.40"]
[White "Scheiding, Sophia"]
[Black "Peglau, Sarah"]
[Result "1-0"]
[ECO "B22"]
[WhiteElo "1629"]
[BlackElo "1851"]
[Annotator "NA RC"]
[PlyCount "77"]
[EventDate "2024.05.30"]
[EventType "team-tourn"]
[EventCountry "GER"]
[SourceTitle "playchess.com"]
[Source "ChessBase"]
[SourceQuality "1"]
[TimeControl "40/5400+30:1800+30"]

1. e4 c5 2. c3 Nc6 3. Nf3 d5 4. exd5 Qxd5 5. Na3 Bg4 6. Be2 Nf6 7. O-O e5 8. d3 Rd8 9. Nb5 Qd7 10. Be3 a6 11. Na3 Nd5 12. Nc4 Nxe3 13. fxe3 Bd6 14. Nb6 Qe7 15. Nd5 Qe6 16. e4 O-O 17. Ng5 Qg6 18. Bxg4 Qxg5 19. Rf5 Qg6 20. Rh5 Ne7 21. Bf5 Nxd5 22. exd5 Qxh5 23. Qxh5 g6 24. Qg4 Kh8 25. Rf1 gxf5 26. Rxf5 f6 27. Rh5 Rf7 28. Qe6 Rdd7 29. Rh6 Kg7 30. Qh3 Kh8 31. Qf5 Bf8 32. Rxf6 Rxf6 33. Qxf6+ Bg7 34. Qe6 Rd8 35. d6 e4 36. dxe4 b5 37. d7 Rf8 38. Qe8 b4 39. d8=Q 1-0

[Event "DFMMLV 2024"]
[Site "Braunfels"]
[Date "2024.05.30"]
[Round "1.41"]
[White "Peschel, Julia"]
[Black "Rath, Alina"]
[Result "0-1"]
[ECO "B22"]
[WhiteElo "1736"]
[BlackElo "2041"]
[Annotator "NA RC"]
[PlyCount "132"]
[EventDate "2024.05.30"]
[EventType "team-tourn"]
[EventCountry "GER"]
[SourceTitle "playchess.com"]
[Source "ChessBase"]
[SourceQuality "1"]
[TimeControl "40/5400+30:1800+30"]

1. e4 c5 2. c3 d5 3. exd5 Qxd5 4. d4 e6 5. Nf3 Nf6 6. Bd3 Nc6 7. Bc2 cxd4 8. cxd4 Be7 9. Nc3 Qd6 10. O-O O-O 11. Be3 Rd8 12. a3 b6 13. Qd3 g6 14. Rad1 Bb7 15. Bg5 Rac8 16. Bb3 Na5 17. Ba2 Qc7 18. Ne5 Nc6 19. Nf3 a6 20. d5 Ne5 21. Nxe5 Qxe5 22. Qe3 Qxe3 23. Bxe3 Nxd5 24. Nxd5 Bxd5 25. Bxd5 Rxd5 26. Bxb6 Bf6 27. b4 Rc3 28. a4 Rb3 29. Rb1 Rdd3 30. g3 Bb2 31. Ba5 Bd4 32. b5 axb5 33. axb5 Bb2 34. b6 Rd5 35. Bc3 Rdb5 36. Bxb2 Rxb2 37. Rxb2 Rxb2 38. Rc1 Rxb6 39. Rc2 h5 40. h3 g5 41. Rc5 f6 42. h4 gxh4 43. gxh4 e5 44. f4 Re6 45. Kf2 Kg7 46. Ke3 Kg6 47. Ke4 exf4+ 48. Kxf4 Re1 49. Kf3 Rh1 50. Rc4 Rh3+ 51. Kg2 Re3 52. Rc5 Re5 53. Rc4 Kf5 54. Kf3 Ra5 55. Rf4+ Ke5 56. Re4+ Kf5 57. Rf4+ Ke6 58. Rb4 Ra3+ 59. Kf4 Rh3 60. Rb6+ Kf7 61. Kf5 Rf3+ 62. Ke4 Rf1 63. Rb5 Kg6 64. Ke3 Rg1 65. Rb2 Rg3+ 66. Kf2 Rg4 0-1

[Event "DFMMLV 2024"]
[Site "Braunfels"]
[Date "2024.05.30"]
[Round "1.44"]
[White "Fock, Amina"]
[Black "Storkebaum, Ulrike"]
[Result "1-0"]
[ECO "C78"]
[WhiteElo "1932"]
[BlackElo "1811"]
[Annotator "NA RC"]
[PlyCount "73"]
[EventDate "2024.05.30"]
[EventType "team-tourn"]
[EventCountry "GER"]
[SourceTitle "playchess.com"]
[Source "ChessBase"]
[SourceQuality "1"]
[TimeControl "40/5400+30:1800+30"]

1. e4 e5 2. Nf3 Nc6 3. Bb5 a6 4. Ba4 Nf6 5. d3 b5 6. Bb3 h6 7. O-O Bc5 8. a4 b4 9. a5 O-O 10. c3 d6 11. d4 exd4 12. cxd4 Ba7 13. d5 Ne5 14. Nxe5 dxe5 15. Qe1 Rb8 16. Be3 Bxe3 17. Qxe3 Bd7 18. Rc1 Bb5 19. Nd2 Qe7 20. Bc4 Bxc4 21. Rxc4 Rb7 22. Rc6 Ra8 23. Qd3 Rba7 24. Rac1 Ne8 25. Nb3 Qg5 26. Qc4 Nd6 27. Qe2 Nb5 28. R1c4 Rd8 29. Rxb4 f5 30. f3 f4 31. Qf2 Raa8 32. Nc5 Rd6 33. Rxa6 Rdxa6 34. Nxa6 Nd6 35. Rb8+ Rxb8 36. Nxb8 Qd8 37. Nc6 1-0

[Event "DFMMLV 2024"]
[Site "Braunfels"]
[Date "2024.05.30"]
[Round "1.46"]
[White "Mazurtsova, Margarita"]
[Black "Lerch, Cornelia"]
[Result "1/2-1/2"]
[ECO "E51"]
[WhiteElo "1779"]
[BlackElo "1847"]
[Annotator "NA RC"]
[PlyCount "93"]
[EventDate "2024.05.30"]
[EventType "team-tourn"]
[EventCountry "GER"]
[SourceTitle "playchess.com"]
[Source "ChessBase"]
[SourceQuality "1"]
[TimeControl "40/5400+30:1800+30"]

1. c4 Nf6 2. Nc3 e6 3. e3 d5 4. d4 Bb4 5. Bd2 O-O 6. Nf3 Re8 7. a3 Bxc3 8. Bxc3 Ne4 9. Qc2 Nxc3 10. Qxc3 Nc6 11. Be2 Qf6 12. O-O Bd7 13. Rac1 Rac8 14. b4 a6 15. a4 dxc4 16. Bxc4 e5 17. dxe5 Nxe5 18. Nxe5 Qxe5 19. Qb3 Be6 20. Rfd1 h6 21. Bxe6 Rxe6 22. Rd7 Re7 23. Rd4 c6 24. h3 Rce8 25. Rcd1 Qf5 26. Rf4 Qe6 27. Qd3 Qa2 28. a5 Re5 29. Qd7 R5e7 30. Qd4 Re5 31. Qd7 R5e7 32. Qg4 Qe6 33. Qf3 Qb3 34. Rfd4 Qc3 35. R1d3 Qa1+ 36. Kh2 c5 37. bxc5 Qxa5 38. c6 Qc7+ 39. Qg3 Qxg3+ 40. Kxg3 bxc6 41. Ra3 Ra8 42. Rda4 Rea7 43. Rc3 Rc8 44. Rca3 Rca8 45. Rc3 Rc8 46. Rca3 Rca8 47. Rc3 1/2-1/2

[Event "DFMMLV 2024"]
[Site "Braunfels"]
[Date "2024.05.30"]
[Round "1.47"]
[White "Kaulfuss, Christa"]
[Black "Bazzazi, Elnaz"]
[Result "1/2-1/2"]
[ECO "C25"]
[WhiteElo "1816"]
[BlackElo "1840"]
[Annotator "NA RC"]
[PlyCount "59"]
[EventDate "2024.05.30"]
[EventType "team-tourn"]
[EventCountry "GER"]
[SourceTitle "playchess.com"]
[Source "ChessBase"]
[SourceQuality "1"]
[TimeControl "40/5400+30:1800+30"]

1. e4 e5 2. Nc3 Bc5 3. g3 d6 4. Bg2 a6 5. Nge2 Nc6 6. h3 Be6 7. O-O Qd7 8. Kh2 Nge7 9. d3 f5 10. f4 O-O 11. a3 Rad8 12. Nd5 Nd4 13. c3 Nxe2 14. Qxe2 c6 15. Nxe7+ Qxe7 16. Be3 Bxe3 17. Qxe3 exf4 18. gxf4 Rde8 19. Rae1 fxe4 20. dxe4 Bc4 21. Rg1 Qh4 22. f5 Rxf5 23. Qd4 Rg5 24. Qxc4+ d5 25. Qd3 Qf4+ 26. Kh1 Rg3 27. Qf1 Qh4 28. Qf5 g6 29. Qd7 Re7 30. Rd1 1/2-1/2

[Event "DFMMLV 2024"]
[Site "Braunfels"]
[Date "2024.05.30"]
[Round "1.47"]
[White "Kaulfuss, Christa"]
[Black "Bazzazi, Elnaz"]
[Result "*"]
[ECO "C25"]
[WhiteElo "1816"]
[BlackElo "1840"]
[Annotator "NA RC"]
[PlyCount "75"]
[EventDate "2024.05.30"]
[EventType "team-tourn"]
[EventCountry "GER"]
[SourceTitle "playchess.com"]
[Source "ChessBase"]
[SourceQuality "1"]
[TimeControl "40/5400+30:1800+30"]

1. e4 e5 2. Nc3 Bc5 3. g3 d6 4. Bg2 a6 5. Nge2 Nc6 6. h3 Be6 7. O-O Qd7 8. Kh2 Nge7 9. d3 f5 10. f4 O-O 11. a3 Rad8 12. Nd5 Nd4 13. c3 Nxe2 14. Qxe2 c6 15. Nxe7+ Qxe7 16. Be3 Bxe3 17. Qxe3 exf4 18. gxf4 Rde8 19. Rae1 fxe4 20. dxe4 Bc4 21. Rg1 Qh4 22. f5 Rxf5 23. Qd4 Rg5 24. Qxc4+ d5 25. Qd3 Qf4+ 26. Kh1 Rg3 27. Qf1 Qh4 28. Qf5 g6 29. Qd7 Re7 30. Qc8+ Kg7 31. Ref1 Kh6 32. Qf8+ Rg7 33. Qf4+ Qxf4 34. Rxf4 dxe4 35. Rxe4 Rd7 36. Kh2 Rgd3 37. Rge1 R7d6 38. R1e2 *

[Event "DFMMLV 2024"]
[Site "Braunfels"]
[Date "2024.05.30"]
[Round "1.49"]
[White "Rieseler, Caroline"]
[Black "Vogel, Heike"]
[Result "1/2-1/2"]
[ECO "B12"]
[WhiteElo "2075"]
[BlackElo "2095"]
[Annotator "NA RC"]
[PlyCount "48"]
[EventDate "2024.05.30"]
[EventType "team-tourn"]
[EventCountry "GER"]
[SourceTitle "playchess.com"]
[Source "ChessBase"]
[SourceQuality "1"]
[TimeControl "40/5400+30:1800+30"]

1. e4 c6 2. d4 d5 3. e5 Bf5 4. h4 h5 5. Bd3 Bxd3 6. Qxd3 e6 7. Nf3 Ne7 8. Bg5 Qb6 9. Nbd2 Nf5 10. O-O Nd7 11. c4 Be7 12. Bxe7 Nxe7 13. b3 f6 14. exf6 gxf6 15. Rfe1 Nf8 16. g3 Kf7 17. Re2 Rg8 18. Rae1 Qc7 19. Nf1 Re8 20. Kh2 Rg4 21. Ne3 Re4 22. Ng2 Rxe2 23. Rxe2 Neg6 24. Qe3 Kg7 1/2-1/2

[Event "DFMMLV 2024"]
[Site "Braunfels"]
[Date "2024.05.30"]
[Round "1.50"]
[White "Zimmer, Elke"]
[Black "Ries, Jutta"]
[Result "0-1"]
[ECO "C11"]
[WhiteElo "1920"]
[BlackElo "2025"]
[Annotator "NA RC"]
[PlyCount "54"]
[EventDate "2024.05.30"]
[EventType "team-tourn"]
[EventCountry "GER"]
[SourceTitle "playchess.com"]
[Source "ChessBase"]
[SourceQuality "1"]
[TimeControl "40/5400+30:1800+30"]

1. e4 Nf6 2. Nc3 d5 3. e5 Nfd7 4. d4 c5 5. dxc5 e6 6. Nf3 Nc6 7. Bg5 Qa5 8. a3 Qxc5 9. Be3 Qa5 10. Bb5 Qc7 11. Bd4 a6 12. Bxc6 bxc6 13. b4 a5 14. Rb1 axb4 15. axb4 Ba6 16. Ne2 Bxb4+ 17. Rxb4 c5 18. Rb2 cxd4 19. Qxd4 O-O 20. Kd2 Rfc8 21. Nc3 Nc5 22. Ne1 Qa5 23. Qb4 Qc7 24. Qd4 Bc4 25. Nd3 Bxd3 26. cxd3 Ra3 27. Qb4 Rxc3 0-1

[Event "DFMMLV 2024"]
[Site "Braunfels"]
[Date "2024.05.30"]
[Round "1.51"]
[White "Reinecke, Katharina"]
[Black "Weinmann, Helene"]
[Result "1-0"]
[ECO "E11"]
[WhiteElo "1949"]
[BlackElo "1655"]
[Annotator "NA RC"]
[PlyCount "77"]
[EventDate "2024.05.30"]
[EventType "team-tourn"]
[EventCountry "GER"]
[SourceTitle "playchess.com"]
[Source "ChessBase"]
[SourceQuality "1"]
[TimeControl "40/5400+30:1800+30"]

1. d4 d5 2. Nf3 Nf6 3. c4 e6 4. g3 c6 5. Bg2 Bb4+ 6. Bd2 Bxd2+ 7. Nbxd2 O-O 8. O-O Nbd7 9. Qc2 Nb6 10. c5 Nbd7 11. b4 Re8 12. Ne5 Nxe5 13. dxe5 Nd7 14. f4 f5 15. Kh1 Nf8 16. a4 Bd7 17. Qd3 a6 18. Nf3 Ng6 19. e3 Rb8 20. Rg1 b5 21. Nd4 Rf8 22. axb5 axb5 23. Ra7 Ra8 24. Rga1 Rxa7 25. Rxa7 Qc8 26. Qa3 Rd8 27. Qa5 Qb8 28. Rc7 Nf8 29. Rxc6 Bxc6 30. Nxc6 Qa8 31. Nxd8 Qb8 32. Nc6 Qb7 33. Nd4 Kf7 34. Nxb5 Kg6 35. Nd4 Qc8 36. c6 Kf7 37. b5 Ng6 38. b6 Ne7 39. b7 1-0

[Event "DFMMLV 2024"]
[Site "Braunfels"]
[Date "2024.05.30"]
[Round "1.52"]
[White "Lebioda-Dette, Kordula"]
[Black "Frank, Michelle Viviane"]
[Result "0-1"]
[ECO "B13"]
[WhiteElo "1821"]
[BlackElo "1899"]
[Annotator "NA RC"]
[PlyCount "62"]
[EventDate "2024.05.30"]
[EventType "team-tourn"]
[EventCountry "GER"]
[SourceTitle "playchess.com"]
[Source "ChessBase"]
[SourceQuality "1"]
[TimeControl "40/5400+30:1800+30"]

1. e4 c6 2. d4 d5 3. exd5 cxd5 4. Bd3 Nc6 5. c3 Nf6 6. h3 e6 7. Nf3 Bd6 8. Bg5 h6 9. Bxf6 Qxf6 10. O-O Bd7 11. Na3 a6 12. Nc2 g5 13. Ne3 h5 14. Qe2 O-O-O 15. Ne5 Nxe5 16. dxe5 Qxe5 17. g3 h4 18. f4 Qg7 19. g4 gxf4 20. Nc2 e5 21. Nb4 Bc5+ 22. Kh2 f3 23. Qxf3 e4 24. Bxe4 Bd6+ 25. Kh1 Qe5 26. Rf2 dxe4 27. Qe2 Bxb4 28. cxb4 e3 29. Rc1+ Kb8 30. Rxf7 Qd5+ 31. Rf3 Rhf8 0-1

[Event "DFMMLV 2024"]
[Site "Braunfels"]
[Date "2024.05.31"]
[Round "2.1"]
[White "Sickmann, Lisa"]
[Black "Klek, Hanna Marie"]
[Result "0-1"]
[ECO "C91"]
[WhiteElo "1980"]
[BlackElo "2294"]
[Annotator "RC"]
[PlyCount "72"]
[EventDate "2024.05.30"]
[EventType "team-tourn"]
[EventCountry "GER"]
[SourceTitle "playchess.com"]
[Source "ChessBase"]
[SourceQuality "1"]
[TimeControl "40/5400+30:1800+30"]

1. e4 e5 2. Nf3 Nc6 3. Bb5 a6 4. Ba4 Nf6 5. O-O Be7 6. Re1 b5 7. Bb3 d6 8. c3 O-O 9. d4 Bg4 10. Be3 Bh5 11. Nbd2 exd4 12. cxd4 Nb4 13. Nf1 c5 14. a3 Nc6 15. dxc5 dxc5 16. Ng3 Bg6 17. e5 Ng4 18. Bd5 Nxe3 19. Rxe3 Qc7 20. Qe2 Nd4 21. Nxd4 cxd4 22. Rf3 d3 23. Qd2 Rad8 24. Bb3 Qxe5 25. Re1 Qg5 26. Rfe3 Qh6 27. Qd1 Bc5 28. Rf3 Bd6 29. h3 d2 30. Re2 Bf4 31. Re7 Qg5 32. Ra7 Bxg3 33. Rxg3 Qc5 34. Rxa6 Bh5 35. Rg4 Bxg4 36. hxg4 Rfe8 0-1

[Event "DFMMLV 2024"]
[Site "Braunfels"]
[Date "2024.05.31"]
[Round "2.5"]
[White "Mundt, Alexandra"]
[Black "Vidonyak, Nellya"]
[Result "0-1"]
[ECO "A04"]
[WhiteElo "1874"]
[BlackElo "2098"]
[Annotator "NA RC"]
[PlyCount "70"]
[EventDate "2024.05.30"]
[EventType "team-tourn"]
[EventCountry "GER"]
[SourceTitle "playchess.com"]
[Source "ChessBase"]
[SourceQuality "1"]
[TimeControl "40/5400+30:1800+30"]

1. Nf3 d6 2. g3 g6 3. Bg2 e5 4. d3 Bg7 5. O-O Ne7 6. e4 O-O 7. h3 {[%emt 0:12:52] A04: Unusual lines after 1 Nf3 and King's Indian Attack.} f5 8. Bg5 (8. exf5 $11 gxf5 9. Nh4) 8... h6 9. Bxe7 Qxe7 10. Nh4 Kh7 11. Nc3 c6 12. f4 exf4 13. Rxf4 (13. exf5 $11 Bxf5 14. Rxf4) 13... Be5 14. Nxg6 Kxg6 15. exf5+ Rxf5 16. Qe2 Rxf4 17. gxf4 Bd4+ 18. Kh2 Qxe2 19. Nxe2 Be3 20. Rf1 Bf5 $19 21. Rf3 Bd2 22. Rg3+ Kf7 23. Be4 Be6 24. Bg6+ Kf6 25. Bh7 Nd7 26. Rg6+ Kf7 27. Rxh6 Nf6 28. Kg3 Kg7 29. Rg6+ Kxh7 30. Rxf6 Rg8+ 31. Kf3 Bxh3 32. Ng3 Bg4+ 33. Kf2 Kg7 34. Rxd6 Bb4 35. Rd4 Bc5 0-1

[Event "DFMMLV 2024"]
[Site "Braunfels"]
[Date "2024.05.31"]
[Round "2.6"]
[White "Wagner, Margarethe"]
[Black "Rosmait, Emily"]
[Result "1-0"]
[ECO "C90"]
[WhiteElo "2011"]
[BlackElo "1896"]
[Annotator "RC"]
[PlyCount "115"]
[EventDate "2024.05.30"]
[EventType "team-tourn"]
[EventCountry "GER"]
[SourceTitle "playchess.com"]
[Source "ChessBase"]
[SourceQuality "1"]
[TimeControl "40/5400+30:1800+30"]

1. e4 e5 2. Nf3 Nc6 3. Bb5 a6 4. Ba4 Be7 5. O-O b5 6. Bb3 d6 7. a4 Bb7 8. c3 Na5 9. Bc2 Nf6 10. Re1 c5 11. d4 Qc7 12. d5 O-O 13. b4 cxb4 14. cxb4 Rfc8 15. Ra2 Nc4 16. a5 h6 17. h3 Nh7 18. Bd3 Qd8 19. Rc2 Ng5 20. Nxg5 Bxg5 21. Bxg5 Qxg5 22. Qg4 Qxg4 23. hxg4 Kf8 24. Ree2 Ke7 25. Rc3 Kd8 26. Rec2 f6 27. Bxc4 Rxc4 28. Rxc4 bxc4 29. Rxc4 Rc8 30. Nd2 Rc7 31. f3 Bc8 32. Rxc7 Kxc7 33. Nc4 Bd7 34. Kf2 Bb5 35. Ne3 g6 36. Ke1 Bd3 37. Kd2 Bb5 38. g3 Kd8 39. Ng2 Ke7 40. Nh4 Kf7 41. Ke3 Be8 42. Ng2 Ke7 43. Ne1 Bb5 44. Nc2 Kd8 45. Na3 Bf1 46. f4 Kd7 47. Nb1 Bh3 48. Kf3 Bf1 49. Nd2 Bb5 50. Ke3 Kd8 51. Nf3 Bd7 52. g5 hxg5 53. fxg5 f5 54. Nh4 fxe4 55. Nxg6 Ke8 56. Nh4 Kf7 57. Kxe4 Kg7 58. Nf5+ 1-0

[Event "DFMMLV 2024"]
[Site "Braunfels"]
[Date "2024.05.31"]
[Round "2.7"]
[White "Freter, Anke"]
[Black "Horvath, Maria"]
[Result "1-0"]
[ECO "C00"]
[WhiteElo "1918"]
[BlackElo "1929"]
[Annotator "RC"]
[PlyCount "89"]
[EventDate "2024.05.30"]
[EventType "team-tourn"]
[EventCountry "GER"]
[SourceTitle "playchess.com"]
[Source "ChessBase"]
[SourceQuality "1"]
[TimeControl "40/5400+30:1800+30"]

1. e4 e6 2. d3 d5 3. Nc3 Nf6 4. Qe2 d4 5. Nd1 c5 6. g3 e5 7. Bg2 Nc6 8. f4 Bd6 9. f5 Bd7 10. g4 Qc7 11. g5 Ng8 12. Nf3 O-O-O 13. Nf2 f6 14. h4 Kb8 15. h5 h6 16. gxh6 Nxh6 17. Nh4 Nf7 18. Ng6 Rh7 19. Ng4 Be8 20. Kf2 Be7 21. a3 Nd6 22. Bd2 Bf7 23. h6 Rg8 24. hxg7 Rgxg7 25. Rxh7 Rxh7 26. Bh6 Qd8 27. Rh1 Qe8 28. Nxe7 Qxe7 29. Bf8 Qxf8 30. Rxh7 Bg8 31. Rh6 Ne8 32. Qf3 c4 33. Rh1 cxd3 34. Qxd3 Qc5 35. Rh8 Ne7 36. Bf1 a6 37. Nh6 Nd6 38. Nxg8 Nexf5 39. exf5 e4 40. Nxf6+ Ka7 41. Nxe4 Qxf5+ 42. Ke1 Nxe4 43. Bg2 Qf2+ 44. Kd1 Ng3 45. Qf3 1-0